 Dungeon Crawl Stone Soup version 0.17.0-27-g4a3f43e (webtiles) character file.

381 xeno23 the Slasher (level 6, -2/56 HPs)
             Began as a Hill Orc Fighter on Nov 21, 2015.
             Slain by an iguana (8 damage)
             ... on level 4 of the Dungeon.
             The game lasted 00:21:17 (3887 turns).

xeno23 the Slasher (Hill Orc Fighter)               Turns: 3887, Time: 00:21:18

Health: -2/56      AC: 11    Str: 20    XL:     6   Next: 75%
Magic:  6/6        EV:  8    Int:  8    God:
Gold:   147        SH:  9    Dex: 11    Spells: 0 memorised, 5 levels left

rFire  . . .     SeeInvis .     s - -1 whip (curse)
rCold  . . .     Clarity  .     b - +0 scale mail
rNeg   . . .     SustAt   .     c - +0 shield
rPois  .         Gourm    .     g - +1 helmet
rElec  .         Spirit   .     (no cloak)
rCorr  .         Warding  .     j - +1 pair of gloves
rMut   .         Stasis   .     (no boots)
MR     .....                    (no amulet)
Stlth  +.........               (no ring)
                                n - ring of stealth

@: not resistant to hostile enchantments, very unstealthy
A: no striking features
a: no special abilities


You were on level 4 of the Dungeon.
You were not hungry.

You visited 1 branch of the dungeon, and saw 4 of its levels.

You collected 147 gold pieces.

Inventory:

Hand Weapons
 a - a +1 long sword
 s - a cursed -1 whip (weapon)
 t - a +0 blowgun
Missiles
 u - 12 poisoned needles
Armour
 b - a +0 scale mail (worn)
 c - a +0 shield (worn)
 g - a +1 helmet (worn)
 j - a +1 pair of gloves (worn)
Jewellery
 n - a ring of stealth (left hand)
Wands
 o - a wand of digging (6)
Scrolls
 d - a scroll of recharging
 h - a scroll of fog
 i - a scroll of teleportation
 k - a scroll of amnesia
 y - a scroll of enchant armour
 B - a scroll of blinking
Potions
 l - a potion of flight
 m - a potion of magic {unknown}
 p - 3 potions of poison {unknown}
 r - a potion of lignification
 v - a potion of beneficial mutation {unknown}
 x - a potion of cancellation {unknown}
Comestibles
 e - 2 bread rations
 w - 2 beef jerkies
 A - 2 slices of pizza


   Skills:
 - Level 5.0 Fighting
 * Level 5.3 Long Blades
 + Level 4.8 Armour
 + Level 1.7 Dodging
 - Level 3.2 Shields


You had 5 spell levels left.
You didn't know any spells.

Dungeon Overview and Level Annotations

Branches:
Dungeon (4/15)
 Temple: D:4-7

Altars:
Cheibriados
Dithmenos
Kikubaaqudgha
Nemelex Xobeh
Zin

Annotations:
D:3 Grinder
D:4 Eustachio, Menkaure


Message History

The iguana bites you.
* * * LOW HITPOINT WARNING * * *
You block the iguana's attack.
You barely miss the iguana.
The iguana is severely wounded.
The iguana closely misses you.
You barely miss the iguana.
The iguana is severely wounded.
The iguana bites you but does no damage.
You hit the iguana but do no damage.
The iguana is severely wounded.
You block the iguana's attack.
You closely miss the iguana.
The iguana is severely wounded.
The iguana barely misses you.
You take 11 damage.
Your shield and scale mail prevent you from hitting the iguana.
The iguana is severely wounded.
The iguana bites you!
You die...

#..... #..... ##
#########'## ..
...........# .#
#..######..# .# #..
...#..# .#
#.####.##..##
###.###.##.#.##....
#.@...#....#.##.###
#.#l#.#............
#.#...#....#.##.##.
#.#####.##.#.##.#..
#........#.#.##.#..
#######..#.#.##.###
#..#.#.#.....
####.#.###### #.#.#
####


You could see an iguana.

Vanquished Creatures
  A phantom (D:4)
  A big kobold (D:3)
  An iguana (D:3)
  Terence (D:3)
  An orc wizard (D:3)
  5 adders
  An ooze (D:2)
  2 worms (D:2)
  5 orcs (D:3)
  2 ball pythons (D:2)
  9 goblins
  7 hobgoblins
  7 jackals
  2 quokkas
  5 bats
  8 giant cockroaches
  2 giant geckos
  7 giant newts
  8 kobolds
  17 rats
92 creatures vanquished.

Notes
Turn   | Place    | Note
--------------------------------------------------------------
     0 | D:1      | xeno23 the Hill Orc Fighter began the quest for the Orb.
     0 | D:1      | Reached XP level 1. HP: 19/19 MP: 1/1
   120 | D:1      | Reached XP level 2. HP: 24/27 MP: 2/2
   383 | D:1      | Reached skill level 4 in Fighting
   855 | D:2      | Reached XP level 3. HP: 33/33 MP: 3/3
  1531 | D:2      | Reached XP level 4. HP: 37/40 MP: 4/4
  1965 | D:3      | Found a sparkling altar of Nemelex Xobeh.
  1967 | D:3      | Found an ancient bone altar of Kikubaaqudgha.
  1967 | D:3      | Found a glowing silver altar of Zin.
  1969 | D:3      | Found a snail-covered altar of Cheibriados.
  1970 | D:3      | Found a shadowy altar of Dithmenos.
  2092 | D:3      | Noticed a sky beast
  2092 | D:3      | Noticed a big kobold
  2172 | D:3      | Noticed Terence
  2209 | D:3      | Noticed Grinder
  2308 | D:3      | Killed Terence
  2308 | D:3      | Reached skill level 1 in Dodging
  2387 | D:3      | Killed a big kobold
  2387 | D:3      | Reached XP level 5. HP: 28/47 MP: 5/5
  2615 | D:3      | Reached XP level 6. HP: 29/53 MP: 6/6
  2657 | D:3      | Found a faded altar to an unknown god.
  3161 | D:4      | Noticed Eustachio
  3205 | D:4      | Noticed Menkaure
  3785 | D:4      | Reached skill level 5 in Fighting
  3785 | D:4      | Reached skill level 5 in Long Blades
  3887 | D:4      | Slain by an iguana

Action                   |  1- 3 |  4- 6 || total
-------------------------+-------+-------++-------
Melee: Long sword        |    82 |       ||    82
       Whip              |   122 |   578 ||   700
  Use: Scroll            |    13 |     3 ||    16
       Potion            |       |     3 ||     3
  Eat: Chunk             |     1 |     7 ||     8
       Meat ration       |       |     1 ||     1
